 Dungeon Crawl Stone Soup version 0.29.0-15-g675c0067aa (webtiles) character file.

Game seed: 7044765684506348059

658 Zonian the Ducker (level 7, -8/47 (55) HPs)
             Began as a Demonspawn Gladiator on Sept 11, 2022.
             Mangled by a wight
             ... wielding a +0 long sword
              (9 damage)
             ... on level 4 of the Dungeon.
             The game lasted 00:06:51 (5819 turns).

Zonian the Ducker (Demonspawn Gladiator)            Turns: 5819, Time: 00:06:52

HP:   -8/47 (55)    AC:  4    Str: 14    XL:     7   Next: 30%
MP:   7/7           EV: 15    Int:  9    God:
Gold: 159           SH:  0    Dex: 25    Spells: 6/6 levels left

rFire   + . .      SeeInvis .   u - +3 whip "Gaofo" {venom, Will+ Dex+2}
rCold   + . .      Faith    .   (no shield)
rNeg    . . .      Spirit   .   b - +0 leather armour
rPois   .          Reflect  .   c - +0 helmet
rElec   .          Harm     .   w - scarf {rC+ rF+}
rCorr   .          Rampage  .   (no gloves)
Will    +....                   (no boots)
Stlth   ++........              (no amulet)
HPRegen 0.15/turn               r - +6 ring of dexterity
MPRegen 0.10/turn               (no ring)

@: hasted, heavily drained, very quick
A: hooves 1, foul stench 1, demonic magic 1, weakness stinger 1, demonic touch 1
a: no special abilities


You were on level 4 of the Dungeon.
You visited 1 branch of the dungeon, and saw 4 of its levels.

You collected 159 gold pieces.

Inventory:

Hand Weapons
 a - a +1 rapier
 n - a +2 dagger of flaming
 o - a +2 long sword of electrocution
 u - the +3 whip "Gaofo" (weapon) {venom, Will+ Dex+2}
   (You found it on level 3 of the Dungeon)

   It poisons the flesh of those it strikes.
   Dex:       It affects your dexterity (+2).
   Will:      It increases your willpower.
 v - a +1 vampiric whip
Missiles
 d - 2 throwing nets (quivered)
 e - a javelin
 p - 11 boomerangs
Armour
 b - a +0 leather armour (worn)
 c - a +0 helmet (worn)
 w - a scarf of resistance (worn)
Jewellery
 r - a +6 ring of dexterity (left hand)
Wands
 s - a wand of mindburst (3)
Scrolls
 x - a scroll of amnesia
Potions
 f - a potion of attraction
 h - a potion of curing {unknown}
 i - 2 potions of brilliance
 j - a potion of lignification {unknown}
 k - 2 potions of degeneration {unknown}
 l - 2 potions of mutation
 m - a potion of invisibility {unknown}
 q - a potion of might {unknown}
 t - 2 potions of resistance {unknown}


   Skills:
 + Level 4.4 Fighting
 + Level 4.4 Short Blades
 + Level 4.0 Throwing
 + Level 4.5 Dodging


You had 6 spell levels left.
You didn't know any spells.
Your spell library contained the following spells:

 Spells                   Type           Power      Damage    Failure   Level
 Apportation              Tloc           0%         N/A       45%         1
 Blink                    Tloc           0%         N/A       61%         2
 Static Discharge         Conj/Air       0%         3-3/arc   61%         2
 Lesser Beckoning         Tloc           0%         N/A       83%         3
 Tukima's Dance           Hex            0%         N/A       83%         3
 Dispel Undead            Necr           0%         3d6       99%         4
 Passage of Golubria      Tloc           0%         N/A       99%         4
 Sticky Flame             Conj/Fire      0%         2d3       99%         4
 Alistair's Intoxication  Tmut/Pois      0%         N/A       100%        5
 Lightning Bolt           Conj/Air       0%         1d11      100%        5
 Manifold Assault         Tloc           0%         N/A       100%        5
 Yara's Violent Unravell  Hex/Tmut       0%         3d3       100%        5
 Malign Gateway           Summ/Tloc      0%         N/A       100%        7
 Maxwell's Capacitive Co  Air            0%         ∞         100%        8
 Summon Horrible Things   Summ           0%         N/A       100%        8


Dungeon Overview and Level Annotations

Branches:
Dungeon (4/15)
 Temple: D:4-7

Altars:
Makhleb

Annotations:
D:4 Blork the orc


Innate Abilities, Weirdness & Mutations

You have large cloven feet.
You may rarely emit foul miasma when damaged in melee.
Spells you cast may paralyse adjacent enemies.
You have a small tail.
Your touch may inflict minor irresistible damage on your foes.


Message History

The hobgoblin is heavily wounded.
A wight comes into view. It is wielding a +2 war axe.
The hobgoblin hits you.
You hit the hobgoblin.
You kill the hobgoblin!
The wight completely misses you.
You see here a hobgoblin corpse.
You hit the wight.
The wight is lightly damaged.
The wight hits you with a +0 long sword.
You hit the wight but do no damage. Your kick misses the wight.
The wight is lightly damaged.
The wight barely misses you.
You closely miss the wight.
You touch the wight!
The wight is heavily damaged.
The wight hits you with a +2 war axe!
You feel drained. The wight barely misses you.
You hit the wight.
The wight is almost destroyed.
The wight barely misses you.
The wight hits you with a +0 long sword!
You feel drained.
You closely miss the wight. You kick the wight, but do no damage.
Your tail-slap misses the wight.
The wight is almost destroyed.
The wight hits you with a +2 war axe!
You feel drained.
The wight hits you with a +0 long sword!
* * * LOW HITPOINT WARNING * * *
Unknown command.
You hit the wight but do no damage.
The wight is almost destroyed.
The wight barely misses you. The wight closely misses you.
Unknown command.
Okay, then.
You feel yourself speed up. The wight hits you with a +2 war axe!
* * * LOW HITPOINT WARNING * * *
You feel drained.
* * * LOW HITPOINT WARNING * * *
The wight hits you with a +0 long sword!
You die...

..#.....'..........# ..
..#.....#..........# ..
..#.....#..........# ..
o.#.... #..........# ..
####..# #...##)....#
####### #..
#...##.....##### ##...###
......#...........#.......
'......#...........#.......
#[.... #..@z......[#....)÷.
###. #...z.####..######[#
#.....## #..##..##.#
#........#......#...
#........#......'...
#........'.<....#...
#.......##.)....####
#.......##......##..
#......##..


You could see 2 wights.

Vanquished Creatures
  Grinder (D:3)
  A steam dragon (D:3)
  A scorpion (D:4)
  A wight (D:4)
  2 iguanas
  Ijyb (D:4)
  2 orc wizards (D:4)
  3 gnolls (D:4)
  An adder (D:2)
  3 worms
  5 orcs (D:4)
  An endoplasm (D:1)
  6 giant cockroaches
  4 goblins
  A hobgoblin (D:4)
  6 jackals
  4 quokkas
  8 ball pythons
  7 bats
  2 frilled lizards
  5 kobolds
  5 rats
70 creatures vanquished.

Vanquished Creatures (others)
  A plant (D:3)
1 creature vanquished.

Grand Total: 71 creatures vanquished

Notes
Turn   | Place    | Note
-------+----------+-------------------------------------------
     0 | D:1      | Zonian the Demonspawn Gladiator began the quest for the
                  | Orb.
     0 | D:1      | Reached XP level 1. HP: 16/16 MP: 1/1
   103 | D:1      | You fall into a shaft and drop 1 floor!
   498 | D:1      | Found a faded altar of an unknown god.
   628 | D:1      | Discovered your monstrous ancestry.
   628 | D:1      | Gained mutation: Your touch may inflict minor irresistible
                  | damage on your foes. [demonic ancestry]
   628 | D:1      | Reached XP level 2. HP: 22/22 MP: 2/2
  1833 | D:2      | Gained mutation: You have large cloven feet. [demonic
                  | ancestry]
  1833 | D:2      | Reached XP level 3. HP: 28/28 MP: 3/3
  1959 | D:2      | Gained mutation: You may rarely emit foul miasma when
                  | damaged in melee. [demonic ancestry]
  1959 | D:2      | Reached XP level 4. HP: 30/34 MP: 4/4
  2323 | D:3      | Found a burning altar of Makhleb.
  2331 | D:3      | Identified the +3 whip "Gaofo" {venom, Will+ Dex+2}
  2604 | D:3      | Noticed Grinder
  2614 | D:3      | Paralysed by Grinder for 2 turns
  2622 | D:3      | Killed Grinder
  2623 | D:3      | Gained mutation: You have a small tail. [demonic ancestry]
  2623 | D:3      | Reached XP level 5. HP: 24/41 MP: 5/5
  3155 | D:4      | Noticed Blork the orc
  3155 | D:4      | Noticed a steam dragon
  3163 | D:3      | Killed a steam dragon
  3164 | D:3      | Reached XP level 6. HP: 20/48 MP: 6/6
  4644 | D:4      | Noticed Ijyb
  4653 | D:4      | Killed Ijyb
  5020 | D:4      | Gained mutation: Spells you cast may paralyse adjacent
                  | enemies. [demonic ancestry]
  5020 | D:4      | Reached XP level 7. HP: 12/52 MP: 7/7
  5819 | D:4      | HP: 2/49 [wight/+2 war axe (8)]
  5819 | D:4      | Mangled by a wight

Illustrated notes

Levels and vault maps discovered:
D:1:      kennysheep_arrival_seaside, layout_basic,
          hellmonk_ecumenical_altar_crossroads
D:2:      layout_basic, st_stairs_13
D:3:      layout_loops_ring, bloody_makhleb, serial_bayou,
          serial_bayou_crossing, serial_bayou_pond_e, serial_bayou_pond_e,
          serial_bayou_ford_a, uniq_grinder
D:4:      layout_gridville, uniq_blork_the_orc, uniq_ijyb

Skill      XL: |  1  2  3  4  5  6  7 |
---------------+----------------------+-----
Throwing       | 2 3 4 |  4.0
Dodging        | 3 4 |  4.5
Short Blades   | 3 4 |  4.4
Fighting       | 3 4 |  4.4

Action                   |  1- 3 |  4- 6 |  7- 9 || total
-------------------------+-------+-------+-------++-------
Melee: Rapier            |    81 |    12 |       ||    93
       Touch             |    11 |    11 |    10 ||    32
       Kick              |     4 |    22 |     7 ||    33
       Whip              |       |    48 |    32 ||    80
       Tailslap          |       |     8 |     4 ||    12
       Punch             |       |     1 |       ||     1
Throw: Throwing net      |       |     3 |       ||     3
  Use: Scroll            |     2 |     8 |     1 ||    11
       Potion            |     1 |     1 |     1 ||     3
 Stab: Held in net/web   |       |     3 |       ||     3
       Distracted        |       |     1 |       ||     1
       Sleeping          |       |     1 |       ||     1
Armor: Leather armour    |    28 |    17 |     1 ||    46
Dodge: Dodged            |    76 |    47 |    21 ||   144
